 Dungeon Crawl Stone Soup version 0.17-a0-1719-g1afd5a1 (webtiles) character file.

137 shakdrar the Ruffian (level 5, -3/53 HPs)
             Began as a Troll Monk on Aug 28, 2015.
             Slain by Sigmund
             ... wielding a +0 scythe
              (14 damage)
             ... on level 3 of the Dungeon.
             The game lasted 00:08:45 (1584 turns).

shakdrar the Ruffian (Troll Monk)                   Turns: 1584, Time: 00:08:45

Health: -3/53      AC:  5    Str: 19      XL:     5   Next: 0%
Magic:  4/4        EV: 10    Int:  3 (6)  God:    Xom [..*...]
Gold:   217        SH:  0    Dex: 13      Spells: 0 memorised, 4 levels left

rFire  . . .     SeeInvis .       - Unarmed
rCold  + . .     Clarity  .     f - +0 robe
rNeg   . . .     SustAt   .     (no shield)
rPois  .         Gourm    +     (helmet restricted)
rElec  .         Spirit   .     (no cloak)
rCorr  .         Warding  .     (gloves unavailable)
rMut   .         Stasis   .     (boots unavailable)
MR     .....                    (no amulet)
Stlth  +.........               (no ring)
                                e - ring of protection from cold

@: not resistant to hostile enchantments, very unstealthy
A: unfitting armour, claws 3, fast metabolism 3, gourmand, regeneration 2,
shaggy fur 1, tough skin 2
a: Renounce Religion


You were on level 3 of the Dungeon.
You worshipped Xom.
You were a toy of Xom.
You were very full.

You visited 1 branch of the dungeon, and saw 3 of its levels.

You collected 217 gold pieces.

Inventory:

Missiles
 a - 2 silver tomahawks (quivered)
Armour
 f - a +0 robe (worn)
Jewellery
 e - a ring of protection from cold (left claw)
Magical devices
 h - a wand of slowing (48)
Scrolls
 i - a scroll of identify
Comestibles
 b - 2 bread rations
 c - a meat ration
 d - a beef jerky
 g - a slice of pizza


   Skills:
 + Level 3.3 Fighting
 - Level 2.4 Dodging
 - Level 1.1 Stealth
 * Level 5.7 Unarmed Combat


You had 4 spell levels left.
You didn't know any spells.

Dungeon Overview and Level Annotations

Branches:
Dungeon (3/15)

Altars:
Elyvilon
Nemelex Xobeh
Ru
Sif Muna
Vehumet
Xom

Annotations:
D:3 Sigmund


Innate Abilities, Weirdness & Mutations

You are too large for most types of armour.
You have claws for hands.
Your metabolism is lightning-fast.
You like to eat raw meat.
You heal very quickly.
You are covered in fur (AC +1).
You have very tough skin (AC +2).


Message History

You hear some strange, mumbled words.
A puff of flame appears from out of thin air!
The puff of flame hits you!
You barely miss something. Your claw misses something. Something hits you.
You barely miss something. You closely miss something. Something hits you!
You scratch something but do no damage. Something hits you.
You scratch something. You closely miss something. Something hits you.
You barely miss something. You closely miss something. Something hits you!
You barely miss something. You claw something. Something hits you.
You claw something! You closely miss something. Something hits you!
* * * LOW HITPOINT WARNING * * *
You miss something. Your claw misses something. You closely miss something.
Something hits you.
* * * LOW HITPOINT WARNING * * *
You miss something. Something hits you!
You die...

....####
##<.....#
.......$ #.....#
#.....# ....#
#.{# #@# #.#
#####.## ...#
#(...<.# ....#
#.####.## .... #
#..# ...
#.#####.##.#
#..........#
##.....#...##.##
#.....#.......#


There were no monsters in sight!

Vanquished Creatures
  2 orc priests (D:3)
  2 adders (D:2)
  A worm (D:2)
  2 orcs (D:3)
  A ball python (D:2)
  5 bats
  4 goblins
  12 hobgoblins
  3 jackals
  4 quokkas (D:2)
  4 giant cockroaches
  3 giant geckos
  3 giant newts
  6 rats
52 creatures vanquished.

Notes
Turn   | Place    | Note
--------------------------------------------------------------
     0 | D:1      | shakdrar the Troll Monk began the quest for the Orb.
     0 | D:1      | Reached XP level 1. HP: 22/22 MP: 0/0
   248 | D:1      | Reached XP level 2. HP: 29/29 MP: 1/1
   612 | D:2      | Found a deep blue altar of Sif Muna.
   613 | D:2      | Found a white marble altar of Elyvilon.
   613 | D:2      | Found a sparkling altar of Nemelex Xobeh.
   619 | D:2      | Reached XP level 3. HP: 36/36 MP: 2/2
   627 | D:2      | Found a radiant altar of Vehumet.
   627 | D:2      | Found a sacrificial altar of Ru.
   627 | D:2      | Found a shimmering altar of Xom.
   662 | D:2      | Became a worshipper of Xom of Chaos
   700 | D:2      | XOM: silly message
   947 | D:2      | Reached skill level 5 in Unarmed Combat
  1169 | D:2      | Reached XP level 4. HP: 45/45 MP: 3/3
  1440 | D:3      | XOM: divination: magic mapping
  1509 | D:3      | XOM: divination: detect creatures
  1521 | D:3      | Reached XP level 5. HP: 53/53 MP: 4/4
  1566 | D:3      | Noticed Sigmund
  1584 | D:3      | Slain by Sigmund

Vault maps used:
D:1:      saegor_arrival_simple_e
D:2:      grunt_temple_overflow_open
D:3:      first_bread, uniq_sigmund, uniq_crazy_yiuf_cottage

Action                   |  1- 3 |  4- 6 || total
-------------------------+-------+-------++-------
Melee: Unarmed           |    87 |    37 ||   124
  Use: Scroll            |     7 |       ||     7
       Potion            |     5 |       ||     5
 Stab: Invisible         |     1 |       ||     1
       Sleeping          |     3 |       ||     3
  Eat: Chunk             |    16 |     2 ||    18
